 Dungeon Crawl Stone Soup version 0.21.1-1-g345015f (webtiles) character file.

263 xccam the Slasher (level 6, 0/42 HPs)
             Began as a Formicid Fighter on Mar 26, 2018.
             Succumbed to a scorpion's poison
             ... on level 4 of the Dungeon.
             The game lasted 00:06:18 (2642 turns).

xccam the Slasher (Formicid Fighter)                Turns: 2642, Time: 00:06:19

Health: 0/42       AC:  8    Str: 22    XL:     6   Next: 43%
Magic:  3/6        EV:  8    Int:  8    God:
Gold:   140        SH:  9    Dex: 10    Spells: 5/5 levels left

rFire    . . .     SeeInvis +   a - +1 long sword
rCold    . . .     Gourm    .   c - +0 shield
rNeg     . . .     Faith    .   b - +0 scale mail
rPois    +         Spirit   +   (helmet unavailable)
rElec    .         Reflect  .   k - scarf {Spirit}
rCorr    .         Harm     .   o - +0 pair of gloves
MR       .....                  (no boots)
Stlth    ..........             (no amulet)
HPRegen  0.14/turn              (no ring)
MPRegen  0.10/turn              (no ring)

@: lethally poisoned (0 -> -7)
A: permanent stasis, dig shafts and tunnels, four strong arms, antennae 3, frail
1, poison resistance
a: Dig, Shaft Self


You were on level 4 of the Dungeon.
You were not hungry.

You visited 1 branch of the dungeon, and saw 4 of its levels.

You collected 140 gold pieces.

Inventory:

Hand Weapons
 a - a +1 long sword (weapon)
Armour
 b - a +0 scale mail (worn)
 c - a +0 shield (worn)
 k - a scarf of spirit shield (worn)
 o - a +0 pair of gloves (worn)
Jewellery
 e - an uncursed ring of protection from fire {unknown}
Scrolls
 h - 4 scrolls of remove curse {unknown}
 i - 2 scrolls of identify {unknown}
Potions
 j - a potion of haste
 m - a potion of mutation
Books
 q - a book of Changes

   Spells                             Type                      Level
   a - Beastly Appendage              Transmutation                1
   b - Sticks to Snakes               Transmutation                2
   c - Spider Form                    Transmutation/Poison         3
   d - Ice Form                       Ice/Transmutation            4
   e - Blade Hands                    Transmutation                5
Comestibles
 d - 3 chunks of flesh
 f - 8 rations


   Skills:
 - Level 3.2 Fighting
 + Level 6.0 Long Blades
 - Level 3.2 Armour
 + Level 4.2 Shields


You had 5 spell levels left.
You didn't know any spells.

Dungeon Overview and Level Annotations

Branches:
Dungeon (4/15)
 Temple: D:4-7

Altars:
Cheibriados
Dithmenos
Fedhas
Nemelex Xobeh
Vehumet
The Shining One

Annotations:
D:3 2 transporters


Innate Abilities, Weirdness & Mutations

You cannot be hasted, slowed, berserked, paralysed or teleported.
You can dig through walls and to a lower floor.
Your four strong arms can wield two-handed weapons with a shield.
You have a pair of large antennae on your head. (SInv)
You are frail. (-10% HP)
Your system is resistant to poisons. (rPois)


Message History

You feel aware of your surroundings.
It was a scroll of magic mapping.
* * * LOW HITPOINT WARNING * * *
You feel sick. You block the scorpion's attack.
As you read the scroll labeled KEUHEMETWU, it crumbles to dust.
You feel a strange sense of stasis.
It was a scroll of teleportation.
* * * LOW HITPOINT WARNING * * *
You feel sick. The scorpion completely misses you.
As you read the scroll labeled GAPEPA VO CEAR, it crumbles to dust.
It is a scroll of enchant weapon.
Your +0 long sword glows red for a moment.
* * * LOW HITPOINT WARNING * * *
You feel sick. You block the scorpion's attack.
* * * LOW HITPOINT WARNING * * *
You feel sick.
* * * LOW HITPOINT WARNING * * *
You feel sick.
There is an open door here.
* * * LOW HITPOINT WARNING * * *
You feel sick.
You die...

,* *,,,,,,..........# #.....# ,*
*****,**######.### #.....# ,* #,*
#.# ##...## ** #.* ##'## ##.##
#.* ##...## #.# ##.#* ##.....##
#.## ###...####.......## #..##
*****##......##.........####...##
,,,,,.........s.@.......'.......#
***,,......####.........####.....
*,*##.#.,* ##.......## ##.##. *
*,**,..*,* ##.....## ####.
***,*,..,,,* ##...## #.
,**,*..,,,,########'## #.
,**,*.,,,,,#........# #>
,**,**,,,*,#.######.# #.
***,***,**,#.# ####.######## #.


You could see a scorpion.

Vanquished Creatures
  Natasha (thrice) (D:3)
  An orc wizard (D:3)
  A worker ant (D:4)
  Robin (D:3)
  4 adders
  2 worms
  A dart slug (D:1)
  A leopard gecko (D:3)
  9 orcs (D:3)
  5 giant cockroaches
  14 goblins
  6 hobgoblins
  4 jackals (D:4)
  7 kobolds
  3 quokkas (D:2)
  A ball python (D:3)
  4 bats
  9 rats
76 creatures vanquished.

Notes
Turn   | Place    | Note
-------+----------+-------------------------------------------
     0 | D:1      | xccam the Formicid Fighter began the quest for the Orb.
     0 | D:1      | Reached XP level 1. HP: 18/18 MP: 1/1
   117 | D:1      | Reached XP level 2. HP: 23/24 MP: 2/2
   232 | D:1      | Reached skill level 3 in Long Blades
   511 | D:2      | Reached XP level 3. HP: 27/29 MP: 3/3
  1241 | D:3      | Found a shadowy altar of Dithmenos.
  1256 | D:3      | Reached skill level 4 in Long Blades
  1256 | D:3      | Reached XP level 4. HP: 18/35 MP: 4/4
  1269 | D:3      | Reached XP level 5. HP: 19/41 MP: 5/5
  1320 | D:3      | Noticed Robin
  1340 | D:3      | Gained mutation: You are frail. (-10% HP) [potion of mutation]
  1340 | D:3      | Gained mutation: Your system is resistant to poisons. (rPois) [potion of mutation]
  1502 | D:3      | Reached skill level 5 in Long Blades
  1505 | D:3      | Killed Robin
  1625 | D:3      | Found a transporter.
  1652 | D:3      | Found a transporter.
  1926 | D:3      | Noticed Natasha
  1936 | D:3      | Killed Natasha
  1957 | D:3      | Noticed Natasha
  2130 | D:3      | Killed Natasha
  2130 | D:3      | Reached XP level 6. HP: 26/42 MP: 4/6
  2257 | D:3      | Found a glowing golden altar of the Shining One.
  2259 | D:3      | Noticed Natasha
  2266 | D:3      | Killed Natasha
  2270 | D:3      | Found a snail-covered altar of Cheibriados.
  2271 | D:3      | Found a radiant altar of Vehumet.
  2274 | D:3      | Found a sparkling altar of Nemelex Xobeh.
  2275 | D:3      | Found a blossoming altar of Fedhas.
  2482 | D:3      | Reached skill level 6 in Long Blades
  2639 | D:4      | HP: 2/42 [poisoned by a scorpion]
  2642 | D:4      | Succumbed to a scorpion's poison

Skill      XL: |  1  2  3  4  5  6 |
---------------+-------------------+-----
Long Blades    | 3 4 5 6 |  6.0
Shields        | 4 |  4.2
Fighting       | |  3.2
Armour         | |  3.2

Action                   |  1- 3 |  4- 6 || total
-------------------------+-------+-------++-------
Melee: Long sword        |   110 |   175 ||   285
  Use: Potion            |     1 |     4 ||     5
       Scroll            |       |     4 ||     4
  Eat: Chunk             |     1 |     5 ||     6
Armor: Scale mail        |    56 |    79 ||   135
Dodge: Dodged            |    33 |    64 ||    97
Block: Shield            |    63 |    91 ||   154
       Rpst.: Long sword |    17 |    16 ||    33
